Map: Daybreak LE (Void)

Players

Emil - Winner!

  • Race: Terran Terran
  • League: Diamond
  • Spawn Location: 1:00

PlanB

  • Race: Zerg Zerg
  • League: Diamond
  • Spawn Location: 7:00

VOD

Have the link to the VOD?

Description

Time

  • Played on: Nov. 24, 2016, 3:04 p.m.
  • Length: 16:08
Show
View Real Time Build Order
Export as new Build Order

Emil Terran - Winner!

Build Orders: Mech 

Get SALT Encoding   

  12  0:04  SCV  
  13  0:13  Supply Depot  
  13  0:19  SCV  
  14  0:36  Barracks  
  14  0:38  SCV  
  14  0:42  Refinery  
  15  0:50  SCV  
  16  1:02  SCV  
  17  1:16  SCV  
  18  1:22  Marine  
  19  1:28  Orbital Command  
  19  1:47  Command Center  
  19  2:01  Factory  
  19  2:07  Barracks Reactor, SCV  
  20  2:17  Supply Depot  
  20  2:24  SCV  
  20  2:25  Refinery  
  21  2:36  SCV  
  22  2:51  Factory  
  22  2:53  Hellion x2  
  26  3:06  Barracks Tech Lab  
  26  3:11  Bunker  
  26  3:13  Orbital Command  
  26  3:14  Hellion  
  26  3:18  Hellion  
  30  3:40  SCV x2  
  32  3:45  Infernal Pre-Igniter  
  32  3:52  SCV  
  32  3:53  SCV  
  34  4:03  Hellion x3  
  34  4:07  SCV x2  
  42  4:17  Supply Depot  
  42  4:19  SCV  
  42  4:20  SCV  
  42  4:21  Supply Depot  
  44  4:31  SCV  
  41  4:43  Hellion x3  
  43  5:01  SCV  
  43  5:02  SCV  
  43  5:04  Refinery, Hellion  
  43  5:06  Refinery  
  51  5:08  Cyclone x2  
  51  5:13  SCV  
  51  5:14  SCV  
  55  5:18  Factory  
  55  5:23  Barracks Tech Lab  
  55  5:25  Supply Depot  
  55  5:26  Hellion, SCV x2  
  59  5:38  SCV x2  
  59  5:40  Cyclone  
  56  5:50  SCV x2  
  56  5:53  Hellion x2  
  62  6:02  SCV  
  65  6:08  Command Center  
  63  6:13  SCV  
  63  6:14  SCV  
  63  6:15  Engineering Bay  
  63  6:18  Armory  
  65  6:20  Armory  
  65  6:25  SCV  
  65  6:26  Siege Tank  
  65  6:28  Supply Depot  
  69  6:45  SCV  
  70  6:49  Siege Tank, SCV  
  72  6:57  SCV  
  72  6:58  Siege Tank  
  76  7:02  SCV  
  75  7:10  SCV  
  75  7:14  SCV  
  77  7:22  SCV  
  65  7:24  SCV  
  65  7:26  SCV  
  63  7:34  SCV  
  64  7:37  Orbital Command  
  64  7:38  SCV  
  64  7:40  Missile Turret  
  65  7:46  SCV  
  65  7:48  Hellion x3  
  65  7:50  SCV  
  65  7:51  Siege Tank  
  76  7:55  Supply Depot  
  76  7:58  SCV  
  77  8:05  Terran Vehicle Weapons Level 1, Terran Vehicle And Ship Armor Level 1  
  77  8:06  Factory x2  
  77  8:09  Hellion  
  77  8:10  Hellion x2  
  77  8:12  Starport  
  83  8:17  Barracks Tech Lab, Missile Turret  
  83  8:21  Neosteel Frame  
  83  8:23  Siege Tank  
  86  8:28  SCV x2  
  86  8:30  Command Center  
  86  8:31  Hellion x3  
  94  8:52  Siege Tank, Hellion, Starport  
  94  8:53  Hellion  
  101  8:55  Factory Tech Lab  
  101  9:07  Hellion  
  99  9:10  Siege Tank  
  99  9:13  Hellion  
  99  9:14  Hellion  
  98  9:21  Liberator x2  
  98  9:22  Hellion  
  100  9:29  Refinery  
  100  9:30  Refinery  
  101  9:39  Hellion x2  
  101  9:40  Hellion  
  101  9:41  Hellion  
  101  9:43  Hellion  
  101  9:44  Hellion  
  86  9:55  SCV  
  86  9:56  SCV x2  
  89  10:00  Hellion  
  89  10:01  Hellion x2  
  89  10:03  Hellion  
  97  10:08  SCV x3  
  100  10:15  Planetary Fortress  
  100  10:17  Supply Depot x2  
  100  10:20  Supply Depot  
  100  10:25  Supply Depot  
  100  10:30  Supply Depot  
  100  10:31  Supply Depot x2  
  100  10:33  Supply Depot  
  100  10:34  Factory Reactor  
  100  10:36  Starport Reactor, Supply Depot  
  100  10:38  SCV x3  
  100  10:39  Hellion x3  
  109  10:43  Fusion Core  
  109  10:48  Supply Depot  
  109  10:50  SCV x3  
  112  10:59  Medivac  
  112  11:02  SCV x3  
  123  11:16  Command Center  
  125  11:19  Cyclone x2  
  123  11:29  Medivac  
  123  11:30  Cyclone  
  128  11:35  Siege Tank  
  128  11:36  Hellion  
  128  11:37  Hellion x2  
  137  11:51  Hellion x2  
  141  11:58  Hellion x3  
  141  11:59  Medivac  
  149  12:02  Hellion  
  149  12:07  Hellion  
  153  12:13  Cyclone, Hellion  
  153  12:15  Advanced Ballistics  
  155  12:19  Cyclone  
  155  12:20  Hellion  
  160  12:34  Thor  
  166  12:39  Missile Turret  
  166  12:41  Missile Turret  
  166  12:46  Missile Turret  
  166  12:50  Terran Vehicle And Ship Armor Level 2, Terran Vehicle Weapons Level 2  
  166  12:51  Supply Depot  
  166  12:59  Refinery  
  166  13:02  Refinery  
  166  13:04  Planetary Fortress  
  166  13:31  SCV x3  
  169  13:48  Hellion x3  
  159  13:50  Hellion x2  
  159  13:51  Hellion x6  
  129  14:17  SCV  
  129  14:18  SCV x2  
  124  14:44  Thor x3  
  142  14:46  Hellion  
  142  14:47  Hellion x3  
  150  15:08  Hellion x4  
  176  15:29  Hellion  
  176  15:30  Hellion x3  
Show
View Real Time Build Order
Export as new Build Order

PlanB Zerg 

Build Orders: Hatch First 

Get SALT Encoding   

  12  0:01  Drone  
  13  0:12  Overlord  
  13  0:18  Drone  
  14  0:31  Drone x2  
  16  0:36  Drone  
  17  0:54  Hatchery  
  17  0:57  Drone  
  17  0:59  Extractor  
  17  1:01  Drone  
  17  1:15  Spawning Pool  
  17  1:18  Drone  
  17  1:26  Drone  
  17  1:32  Drone  
  19  1:41  Overlord  
  19  1:51  Drone  
  20  2:02  Queen  
  20  2:03  Zergling x2  
  20  2:06  Queen  
  20  2:07  Zergling x2  
  26  2:13  Metabolic Boost  
  26  2:16  Drone  
  26  2:19  Drone  
  28  2:29  Drone x2  
  30  2:33  Overlord  
  30  2:39  Drone  
  30  2:43  Queen  
  33  2:50  Queen  
  35  2:52  Drone  
  36  3:08  Drone x2  
  36  3:09  Drone x2  
  39  3:18  Drone x4  
  39  3:19  Overlord x2  
  43  3:40  Hatchery  
  42  3:45  Drone x3  
  45  3:51  Roach Warren  
  44  3:56  Drone  
  44  3:57  Evolution Chamber  
  44  3:59  Evolution Chamber  
  44  4:00  Zergling x2  
  44  4:01  Zergling x8  
  47  4:12  Zergling x6  
  50  4:18  Lair  
  47  4:40  Roach x3  
  47  4:44  Drone x5  
  47  4:45  Drone  
  56  4:54  Zergling x4  
  57  5:06  Drone x4  
  61  5:10  Spine Crawler, Zerg Ground Armor Level 1  
  60  5:17  Extractor  
  60  5:19  Drone  
  60  5:20  Extractor, Drone x4  
  60  5:21  Extractor  
  62  5:33  Drone x3  
  62  5:34  Extractor  
  62  5:35  Drone  
  65  5:38  Extractor  
  58  5:44  Drone x5  
  58  5:48  Drone  
  58  5:49  Drone  
  61  5:55  Spine Crawler  
  60  5:59  Drone x4  
  60  6:00  Drone x2  
  60  6:01  Overlord  
  60  6:03  Glial Reconstitution  
  66  6:15  Infestation Pit  
  66  6:17  Drone  
  66  6:21  Drone x4  
  66  6:22  Drone  
  71  6:35  Overseer  
  71  6:38  Roach  
  71  6:41  Zergling x2  
  71  6:42  Zergling x4  
  71  6:46  Overlord  
  71  6:57  Zergling x12  
  67  7:06  Roach x2  
  67  7:07  Roach x2  
  67  7:08  Roach x5  
  69  7:26  Drone x2  
  66  7:37  Drone x4  
  70  7:45  Roach x2  
  70  7:46  Overlord x4  
  70  7:49  Drone  
  75  7:58  Overlord  
  75  8:02  Hatchery  
  75  8:04  Ravager x2  
  75  8:05  Ravager x7  
  82  8:06  Ravager x2  
  85  8:16  Roach x2  
  85  8:19  Hatchery  
  88  8:26  Roach x3  
  88  8:27  Roach x2  
  98  8:39  Drone x3  
  101  8:44  Drone x2  
  101  8:45  Roach  
  101  8:46  Roach x2  
  109  9:07  Drone x6  
  109  9:09  Drone  
  113  9:15  Roach x2  
  113  9:16  Roach  
  67  9:51  Drone x3  
  67  9:52  Drone x4  
  61  9:57  Roach x4  
  61  9:59  Ravager x2  
  71  10:03  Roach x2  
  75  10:09  Spine Crawler  
  76  10:21  Roach  
  76  10:22  Roach x5  
  76  10:25  Ravager x4  
  90  10:29  Drone  
  90  10:30  Drone x2  
  90  10:33  Hive  
  93  10:36  Roach x3  
  101  10:42  Drone x2  
  101  10:43  Drone x3  
  101  10:47  Roach  
  106  10:59  Roach  
  106  11:00  Roach x2  
  112  11:06  Ravager x5  
  112  11:07  Ravager  
  118  11:14  Roach x4  
  118  11:15  Spine Crawler  
  125  11:22  Spore Crawler  
  115  11:36  Spore Crawler  
  114  11:44  Queen  
  116  11:53  Roach x3  
  116  11:54  Roach x2  
  124  12:07  Roach x3  
  128  12:10  Overlord  
  128  12:11  Overlord x2  
  128  12:24  Overlord x4  
  128  12:35  Drone x5  
  133  12:40  Drone  
  134  12:50  Ultralisk Cavern  
  133  12:53  Drone x3  
  133  12:54  Drone x2  
  138  13:00  Drone  
  138  13:01  Drone x2  
  141  13:12  Zerg Melee Weapons Level 1, Zerg Ground Armor Level 2  
  141  13:14  Drone x4  
  141  13:18  Spore Crawler  
  144  13:30  Adrenal Glands  
  144  13:32  Zergling x2  
  145  13:36  Chitinous Plating  
  145  13:38  Ultralisk x3  
  136  14:05  Drone x2  
  136  14:06  Drone  
  136  14:07  Drone  
  136  14:08  Drone x3  
  133  14:23  Drone x7  
  133  14:24  Drone x5  
  141  14:25  Drone x2  
  126  15:08  Hatchery  
  122  15:24  Drone x5  
Tags
 
Composition
Mech
Matchup
TvZ
Replay Pack
EmSC2Tv
Spawn Locations
Cross Positions
Add a new tag
Caveats
  • Supply blocks, unpowered buildings, or Contaminate may cause inaccurate times.
  • Supply counts are checked every 10 seconds.